 Dungeon Crawl Stone Soup version 0.31-a0-1539-g569d6c7dce (webtiles) character file.

Game seed: 16117062708006990618

74850 Flugslaktarn the Warrior (level 15, -4/149 HPs)
             Began as a Minotaur Fighter on Jan 1, 2024.
             Was the Champion of Okawaru.
             Slain by an orc warlord
             ... wielding a +3 great sword of electrocution
              (12 damage)
             ... on level 2 of the Orcish Mines.
             The game lasted 00:10:40 (18812 turns).

Flugslaktarn the Warrior (Minotaur Fighter)        Turns: 18812, Time: 00:10:40

Health: -4/149     AC: 34    Str: 28    XL:     15   Next: 8%
Magic:  19/20      EV: 14    Int:  5    God:    Okawaru [******]
Gold:   2089       SH: 14    Dex: 18    Spells: 14/14 levels left

rFire   . . .        J - +6 broad axe (elec)
rCold   + . .        y - +0 kite shield
rNeg    + . .        x - +9 plate armour of Articulation {rPois}
rPois   +            (helmet restricted)
rElec   .            C - +2 cloak "Terounad" {rN+ Str+2}
rCorr   .            (no gloves)
SInv    .            o - +2 pair of boots
Will    +....        l - amulet of regeneration Stlth
                     c - ring of protection from cold
HPRegen 1.24/turn    G - +6 ring of dexterity
MPRegen 0.17/turn

%: no passive effects
@: about to teleport, heroic
A: horns 2, retaliatory headbutt
a: Renounce Religion, Heroism, Finesse, Duel


You were on level 2 of the Orcish Mines.
You worshipped Okawaru.
Okawaru was exalted by your worship.
You visited 4 branches of the dungeon, and saw 22 of its levels.

You collected 2089 gold pieces.

Inventory:

Hand Weapons
 a - a +0 war axe
 F - a +1 short sword of distortion
   (You took it off Sonja on level 2 of the Lair of Beasts)
 J - a +6 broad axe of electrocution (weapon)
   (Okawaru gifted it to you on level 5 of the Lair of Beasts)
Missiles
 I - 3 throwing nets
Armour
 o - a +2 pair of boots (worn)
   (You found it on level 4 of the Dungeon)
 s - a +0 buckler
 x - the +9 plate armour of Articulation (worn) {rPois}
   (You found it on level 3 of the Dungeon)

   rPois:     It protects you from poison
 y - a +0 kite shield (worn)
   (You took it off a tengu warrior on level 14 of the Dungeon)
 C - the +2 cloak "Terounad" (worn) {rN+ Str+2}
   (Okawaru gifted it to you on level 5 of the Lair of Beasts)

   Str+2:     It affects your strength (+2).
   rN+:       It protects you from negative energy.
Jewellery
 c - a ring of protection from cold (left hand)
   (You found it on level 3 of the Dungeon)
 i - a ring of see invisible
   (You found it on level 4 of the Lair of Beasts)
 k - a ring of resist corrosion
   (You found it on level 4 of the Dungeon)
 l - an amulet of regeneration (around neck)
   (You found it on level 5 of the Dungeon)
 G - a +6 ring of dexterity (right hand)
   (You found it on level 3 of the Lair of Beasts)
 H - a ring of wizardry
   (You found it on level 4 of the Lair of Beasts)
 K - a ring of fire
   (You found it on level 5 of the Lair of Beasts)
Wands
 b - a wand of iceblast (5)
   (You found it on level 14 of the Dungeon)
 e - a wand of mindburst (13)
   (You took it off an orc priest on level 9 of the Dungeon)
Scrolls
 f - 2 scrolls of fear
 m - 5 scrolls of immolation
 n - 4 scrolls of enchant armour
 r - 6 scrolls of identify
 t - 4 scrolls of teleportation
 v - a scroll of brand weapon
 A - a scroll of revelation
 D - a scroll of poison
Potions
 d - 5 potions of might
 g - 3 potions of lignification
 h - 6 potions of haste
 j - 2 potions of mutation
 p - a potion of ambrosia
 q - a potion of curing
 u - 2 potions of magic
 w - 2 potions of heal wounds
 z - 2 potions of enlightenment
 B - 2 potions of berserk rage
 E - 2 potions of invisibility
 L - a potion of attraction {unknown}


   Skills:
 * Level 17.9(22.9) Fighting
 * Level 17.7(22.7) Axes
 + Level 13.2(18.2) Armour
 + Level 6.4(11.4) Dodging
 + Level 10.9(15.9) Shields
 + Level 9.0 Invocations


You had 14 spell levels left.
You didn't know any spells.
Your spell library contained the following spells:

 Spells                   Type           Power      Damage    Failure   Level
 Apportation              Tloc           0%         N/A       98%         1
 Sandblast                Erth           0%         2d4       98%         1
 Sting                    Conj/Alch      0%         1d3       98%         1
 Ensorcelled Hibernation  Hex/Ice        0%         N/A       99%         2
 Jinxbite                 Hex            0%         N/A       99%         2
 Mercury Vapours          Alch/Air       0%         N/A       99%         2
 Sublimation of Blood     Necr           0%         N/A       99%         2
 Passwall                 Erth           0%         N/A       100%        3
 Stone Arrow              Conj/Erth      0%         3d7       100%        3
 Swiftness                Air            0%         N/A       100%        3
 Brom's Barrelling Bould  Conj/Erth      0%         2d3       100%        4
 Cause Fear               Hex            0%         N/A       100%        4
 Ignite Poison            Fire/Alch      0%         N/A       100%        4
 Olgreb's Toxic Radiance  Alch           0%         N/A       100%        4
 Sticky Flame             Fire/Alch      0%         2d4       100%        4
 Alistair's Intoxication  Alch           0%         N/A       100%        5
 Fireball                 Conj/Fire      0%         3d3       100%        5
 Iskenderun's Battlesphe  Conj           0%         2d6       100%        5
 Conjure Ball Lightning   Conj/Air       0%         3x3d6     100%        6
 Orb of Destruction       Conj           0%         9d5       100%        7
 Ignition                 Fire           0%         3d3       100%        8
 Call Imp                 Summ           Unusable   N/A       N/A         2
 Summon Hydra             Summ           Unusable   N/A       N/A         7
 Dragon's Call            Summ           Unusable   N/A       N/A         9

Dungeon Overview and Level Annotations

Branches:
Dungeon (14/15)            Temple (1/1) D:6            Lair (5/5) D:11
  Swamp (0/4) Lair:2       Spider (0/4) Lair:3        Slime (0/5) Lair:4
    Orc (2/2) D:9             Elf (0/3) Orc:2
 Vaults: D:13-14

Altars:
Ashenzari
Cheibriados
Dithmenos
Elyvilon
Fedhas
Gozag
Hepliaklqana
Kikubaaqudgha
Makhleb
Nemelex Xobeh
Okawaru
Qazlal
Ru
Sif Muna
Trog
Uskayaw
Vehumet
Wu Jian
Xom
Yredelemnul
Zin
The Shining One

Shops:
Orc:2 ([:*

Annotations:
Lair:2 exclusion: oklob plant
Orc:2 Nessos


Innate Abilities, Weirdness & Mutations

You have a pair of horns on your head.
You reflexively headbutt those who attack you in melee.


Message History

Nessos shoots an arrow.
The arrow hits you! The arrow burns you.
The orc throws a boomerang.
The boomerang hits you but does no damage.
The orc warrior throws a boomerang.
The boomerang hits you but does no damage.
Nessos gestures wildly while chanting.
Nessos blinks!
The orc sorcerer gestures wildly while chanting.
Nessos unwields a +1 longbow of flaming.
It stops flaming.
Nessos hits you. Nessos kicks you but does no damage.
You can move again.
You gain the combat prowess of a mighty hero.
Nessos mumbles some strange words.
Nessos blinks!
You block the hellwing's attack. x2
You slice the orc sorcerer!!
You kill the orc sorcerer!
Okawaru accepts your kill.
The hellwing disappears in a puff of smoke!
Nessos wields a +1 longbow of flaming.
It bursts into flame!
Nessos shoots an arrow.
The arrow hits you. The arrow burns you.
You are poisoned.
An orc comes into view. It is wielding a +0 flail.
The orc warrior throws a boomerang.
The boomerang hits you but does no damage.
The orc warlord shouts!
You slice the orc!!
You kill the orc!
You feel sick.
Nessos shoots an arrow.
The arrow hits you but does no damage.
You feel sick.
Nessos mumbles some strange words.
Nessos seems to speed up.
Nessos shoots an arrow.
You block the arrow.
The orc warlord roars a battlecry!
The orcs go into a battle-frenzy!
You hit the orc warrior.
The orc warrior is lightly wounded.
You feel sick.
Nessos shoots an arrow.
The arrow misses you.
Nessos gestures wildly while chanting.
Nessos blinks!
The orc warrior closely misses you. You furiously retaliate!
You headbutt the orc warrior. You closely miss the orc warrior.
The orc warrior is lightly wounded.
You slash the orc priest!
You feel sick.
Nessos shoots an arrow.
The arrow misses you.
You slice the orc priest!!
You kill the orc priest!
Okawaru accepts your kill.
You hit the orc warrior.
You feel sick.
Nessos zaps a wand.
The bolt of light hits you but does no damage.
You are confused.
You are too confused!
Unknown command.
You feel better.
Nessos shoots an arrow.
The arrow hits you! The arrow burns you.
Nessos zaps a wand.
The bolt of light hits you.
You are confused.
The orc warrior hits you but does no damage.
You are too confused!
Unknown command.
You feel better.
Nessos zaps a wand.
The bolt of light misses you.
Nessos pounds the earth with their hooves.
Nessos shoots an arrow.
You block the arrow.
The orc warlord hits you with a +3 great sword of electrocution!!
You are electrocuted!
You block the orc's attack.
The orc warrior hits you from afar with a +1 glaive of venom!!
As you read the scroll of teleportation, it crumbles to dust.
You feel strangely unstable.
Nessos shoots an arrow.
The arrow hits you! The arrow burns you.
Nessos shoots an arrow.
The arrow barely misses you. You block the orc's attack.
The orc warrior hits you from afar with a +1 glaive of venom!
* * * LOW HITPOINT WARNING * * *
Nessos shoots an arrow.
The arrow hits you but does no damage.
You are too injured to fight recklessly!
You hit the orc warlord but do no damage.
Your headbutt misses the orc warlord. You slash the orc!
Lightning courses through the orc!
You kill the orc!
Nessos shoots an arrow.
You block the arrow.
The orc warlord hits you with a +3 great sword of electrocution!
* * * LOW HITPOINT WARNING * * *
The orc warrior hits you from afar with a +1 glaive of venom!
* * * LOW HITPOINT WARNING * * *
You are poisoned.
You hit the orc warlord.
Lightning courses through the orc warlord!
You headbutt the orc warlord, but do no damage.
The orc warlord is lightly wounded.
You feel very sick.
Nessos shoots an arrow.
The arrow hits you!
* * * LOW HITPOINT WARNING * * *
The arrow burns you.
* * * LOW HITPOINT WARNING * * *
You block the orc warlord's attack. You block the orc warrior's attack.
You feel better.
Nessos unwields a +1 longbow of flaming.
It stops flaming.
Nessos closely misses you. You furiously retaliate!
You headbutt Nessos! You block Nessos's attack. x3
The orc warrior hits you but does no damage.
The orc warlord hits you with a +3 great sword of electrocution.
* * * LOW HITPOINT WARNING * * *
You are electrocuted!
You die...

..........# ##..##....# ###
.........## ##.......####.##
.....#.### ##.........##...#
...##.## ###...............#
...#...####.......#.........###
....#...##........#...........##
........###......).....#.......#
)...)..#.#....#.).........#.#.##
.............##o@c.......######
################.).......##
.o.$...§####oo..).....##
8..8.o8..8##....)......#
.....o.$.§.#....)..#...##
...oooo).§))....#.......###
..o.ooo)...#.....)........##
8..8..8..8##...............#
......oc####...............#


You could see an orc warlord, Nessos (fast) and 2 orc warriors.

Vanquished Creatures
  Saint Roka (Orc:2)
  Rupert (Orc:2)
  An orc warlord (Orc:1)
  A dire elephant (Lair:5)
  An ettin (Orc:1)
  Josephine (D:10)
  An alligator (Lair:5)
  A centaur warrior (D:13)
  5 hydras
  3 catoblepae (Lair:5)
  A two-headed ogre (D:8)
  A boulder beetle (Lair:5)
  A tengu warrior (D:14)
  Urug (Orc:2)
  2 orc high priests (Orc:2)
  Nergalle (Orc:2)
  A hell hog (Lair:5)
  Sonja (Lair:2)
  A skyshark (Lair:5)
  A lindwurm (Lair:5)
  7 orc knights (Orc:2)
  Pikel (D:7)
  4 orc sorcerers
  2 manticores (Lair:5)
  9 black mambas
  3 kobold blastminers (Orc:2)
  18 elephants
  3 cane toads
  Jeremiah (D:6)
  12 komodo dragons
  2 unseen horrors
  4 rime drakes
  11 polar bears
  2 ice devils (D:11)
  4 trolls
  3 hornets (Lair:5)
  Prince Ribbit (D:6)
  14 dream sheep
  2 raiju (Lair:5)
  25 blink frogs
  Grinder (D:6)
  2 jumping spiders (Lair:3)
  A shadow (D:9)
  6 slime creatures
  6 wyverns
  5 wraiths (D:10)
  2 vampires
  7 basilisks
  28 yaks
  Grum (D:9)
  2 redbacks (Lair:3)
  9 wargs
  4 acid dragons
  15 water moccasins
  13 hell hounds (Lair:5)
  A swamp drake (D:9)
  25 orc warriors
  2 ice beasts (D:6)
  A sky beast (D:7)
  14 black bears
  An ogre (Orc:1)
  22 wolves
  9 centaurs
  A phantom (D:5)
  A kobold brigand (D:10)
  10 bullfrogs
  A gnoll sergeant (D:10)
  6 scorpions
  10 killer bees
  3 howler monkeys
  3 electric eels
  3 jellies
  3 gnoll boudas
  7 hounds
  13 orc priests
  6 iguanas
  A sleepcap (D:6)
  18 orc wizards
  14 gnolls
  14 adders
  A white imp (D:6)
  5 ufetubi
  4 dart slugs
  78 orcs
  6 ball pythons
  2 endoplasms
  3 giant cockroaches
  4 goblins
  4 hobgoblins
  6 jackals
  3 quokkas
  6 bats
  2 frilled lizards (D:1)
  12 kobolds
  4 rats
586 creatures vanquished.

Vanquished Creatures (others)
  2 orc wizards
  An orc (Orc:2)
3 creatures vanquished.

Grand Total: 589 creatures vanquished

Notes
Turn   | Place    | Note
-------+----------+-------------------------------------------
     0 | D:1      | Flugslaktarn the Minotaur Fighter began the quest for the
                  | Orb.
     0 | D:1      | Reached XP level 1. HP: 19/19 MP: 0/0
   380 | D:1      | Reached XP level 2. HP: 26/27 MP: 1/1
   777 | D:1      | Found a faded altar of an unknown god.
  1059 | D:2      | Reached XP level 3. HP: 31/34 MP: 2/2
  1358 | D:3      | Reached XP level 4. HP: 41/41 MP: 3/3
  1548 | D:3      | Reached skill level 5 in Fighting
  1735 | D:3      | Found a shimmering blue altar of Sif Muna.
  2016 | D:3      | Identified the +9 plate armour of Articulation {rPois}
  2142 | D:4      | Reached XP level 5. HP: 45/48 MP: 4/4
  2174 | D:4      | Found a shimmering altar of Xom.
  2255 | D:4      | Found a burning altar of Makhleb.
  2641 | D:4      | Reached skill level 5 in Axes
  3097 | D:5      | Entered Level 5 of the Dungeon
  3102 | D:5      | Reached XP level 6. HP: 54/57 MP: 5/5
  3334 | D:5      | Reached skill level 5 in Armour
  3895 | D:5      | Reached XP level 7. HP: 52/64 MP: 6/6
  4247 | D:6      | Noticed Jeremiah
  4288 | D:6      | Reached XP level 8. HP: 33/74 MP: 7/7
  4471 | D:6      | Noticed Prince Ribbit
  4495 | D:6      | Killed Prince Ribbit
  4707 | D:6      | Noticed Grinder
  4712 | D:6      | Paralysed by Grinder for 5 turns
  4721 | D:6      | Killed Grinder
  5082 | D:6      | Killed Jeremiah
  5083 | D:6      | Reached XP level 9. HP: 77/85 MP: 8/8
  5548 | D:6      | Found a staircase to the Ecumenical Temple.
  5558 | Temple   | Entered the Ecumenical Temple
  5571 | Temple   | Became a worshipper of Warmaster Okawaru
  5714 | D:7      | Reached skill level 10 in Fighting
  5732 | D:7      | HP: 4/85 [something (6)]
  6162 | D:7      | Noticed a troll
  6169 | D:7      | Killed a troll
  6170 | D:7      | Reached skill level 10 in Axes
  6170 | D:7      | Reached skill level 1 in Invocations
  6290 | D:7      | Found a snail-covered altar of Cheibriados.
  6470 | D:7      | Found a glowing golden altar of the Shining One.
  6470 | D:7      | Found a faded altar of an unknown god.
  6477 | D:7      | Found a faded altar of an unknown god.
  6479 | D:7      | Found a broken altar of Ashenzari.
  6481 | D:7      | Found a bloodstained altar of Trog.
  6671 | D:7      | Noticed Pikel
  6682 | D:7      | Killed Pikel
  6682 | D:7      | Reached * piety under Okawaru
  7126 | D:8      | Noticed a two-headed ogre
  7134 | D:8      | Killed a two-headed ogre
  7134 | D:8      | Reached ** piety under Okawaru
  7135 | D:8      | Reached XP level 10. HP: 32/96 MP: 9/11
  7930 | D:8      | Found a basalt altar of Yredelemnul.
  8227 | D:8      | Found a radiant altar of Vehumet.
  8923 | D:9      | Reached *** piety under Okawaru
  9001 | D:9      | Found a hazy altar of Hepliaklqana.
  9022 | D:9      | Noticed Grum
  9048 | D:9      | Killed Grum
  9200 | D:9      | Found a staircase to the Orcish Mines.
  9212 | D:9      | Reached **** piety under Okawaru
  9642 | D:10     | Entered Level 10 of the Dungeon
  9691 | D:10     | Found a hide-covered altar of Uskayaw.
  9706 | D:10     | Reached XP level 11. HP: 106/106 MP: 13/13
  9839 | D:10     | Found a white marble altar of Elyvilon.
  9914 | D:10     | Found a stormy altar of Qazlal.
 10352 | D:10     | Noticed Josephine
 10366 | D:10     | Killed Josephine
 10366 | D:10     | Reached ***** piety under Okawaru
 10383 | D:10     | Reached skill level 5 in Invocations
 10733 | D:11     | Received a gift from Okawaru
 10772 | D:11     | You fall into a shaft and drop 3 floors!
 10874 | D:14     | Noticed a tengu warrior
 10884 | D:14     | Killed a tengu warrior
 10929 | D:13     | Noticed a centaur warrior
 10950 | D:13     | Killed a centaur warrior
 10951 | D:13     | Reached skill level 10 in Armour
 11484 | D:11     | Reached skill level 5 in Shields
 11505 | D:11     | Found a staircase to the Lair.
 11959 | Lair:1   | Entered Level 1 of the Lair of Beasts
 12183 | Lair:1   | Reached XP level 12. HP: 114/117 MP: 15/15
 12290 | Lair:1   | Received a gift from Okawaru
 12898 | Lair:2   | Found a staircase to the Swamp.
 13158 | Lair:2   | Noticed a five-headed hydra
 13171 | Lair:2   | Killed a 12-headed hydra
 13509 | Lair:2   | Found a blossoming altar of Fedhas.
 13552 | Lair:2   | Noticed Sonja
 13556 | Lair:2   | Killed Sonja
 13557 | Lair:2   | Reached skill level 15 in Fighting
 13713 | Lair:3   | Reached skill level 15 in Axes
 13722 | Lair:3   | Received a gift from Okawaru
 14069 | Lair:3   | Found a hole to the Spider Nest.
 14263 | Lair:3   | Reached XP level 13. HP: 127/127 MP: 17/17
 14374 | Lair:3   | Reached skill level 1 in Dodging
 14797 | Lair:4   | Received a gift from Okawaru
 15014 | Lair:4   | Found a staircase to the Slime Pits.
 15781 | Lair:5   | Entered Level 5 of the Lair of Beasts
 15908 | Lair:5   | Noticed a dire elephant
 16038 | Lair:5   | Reached ****** piety under Okawaru
 16045 | Lair:5   | Acquired a +5 broad axe of electrocution
 16045 | Lair:5   | Received a gift from Okawaru
 16048 | Lair:5   | Acquired the +2 cloak "Terounad" {rN+ Str+2}
 16048 | Lair:5   | Received a gift from Okawaru
 16134 | Lair:5   | Received a gift from Okawaru
 16486 | Lair:5   | Identified the +7 battleaxe of Mayhem {heavy, rElec rC+}
 16542 | Lair:5   | Reached XP level 14. HP: 138/138 MP: 17/19
 16781 | Lair:5   | Received a gift from Okawaru
 16804 | Lair:5   | Reached skill level 10 in Shields
 16840 | Lair:5   | Identified the +7 hand axe "Xumenen" {freeze, rN+ Str+9
                  | Int-3}
 17002 | Lair:5   | Identified the +3 leather armour of the Evening Star {Will+
                  | SInv}
 17140 | Lair:5   | Reached skill level 5 in Dodging
 17204 | Lair:5   | Received a gift from Okawaru
 17632 | Orc:1    | Entered Level 1 of the Orcish Mines
 17632 | Orc:1    | Noticed an orc warlord
 17648 | Orc:1    | Killed an orc warlord
 17854 | Orc:2    | Entered Level 2 of the Orcish Mines
 17854 | Orc:2    | Found a staircase to the Elven Halls.
 17872 | Orc:2    | Received a gift from Okawaru
 17873 | Orc:2    | Noticed Saint Roka
 17877 | Orc:2    | Noticed Nergalle
 17878 | Orc:2    | Noticed Rupert
 17897 | Orc:2    | Killed Nergalle
 17898 | Orc:2    | Killed Saint Roka
 17901 | Orc:2    | Killed Rupert
 18071 | Orc:2    | Received a gift from Okawaru
 18078 | Orc:2    | Found Orroc's Antique Armour Boutique.
 18314 | Orc:2    | Noticed Urug
 18331 | Orc:2    | Killed Urug
 18395 | Orc:2    | Noticed Nessos
 18408 | Orc:2    | Noticed an orc warlord
 18416 | Orc:2    | Reached XP level 15. HP: 59/149 MP: 18/20
 18500 | Orc:2    | Found Heas's Book Boutique.
 18718 | Orc:2    | Found Emnoqoid's Antique Weapon Boutique.
 18732 | Orc:2    | Found Ynang's General Store.
 18796 | Orc:2    | Paralysed by an orc sorcerer for 4 turns
 18811 | Orc:2    | HP: 7/149 [Nessos/arrow (10)]
 18811 | Orc:2    | HP: 2/149 [Nessos/arrow (5)]
 18812 | Orc:2    | Slain by an orc warlord

Illustrated notes

Levels and vault maps discovered:
D:1:      minmay_arrival_split_and_join, layout_basic,
          dilly_ecumenical_altar_fadedgnrine, kennysheep_pointless_box
D:2:      kennysheep_six_static_rooms, layout_loops_cross,
          minmay_misc_feat_doors, minmay_crystal_water
D:3:      layout_loops_cross, mainiacjoe_overflow_alcove_2, dk_vineyard_2
D:4:      layout_gridville, xom_butterflies, mainiacjoe_overflow_cross_hatched
D:5:      minmay_opposing_rooms, layout_loops_ring,
          kennysheep_opposing_triangles
D:6:      layout_basic, temple_hall, minmay_misc_feat_pillars,
          hangedman_abyss_or_decor_lesser_grid, hex_medium, nicolae_titane,
          uniq_prince_ribbit1, uniq_grinder, uniq_jeremiah
D:7:      layout_basic, lemuel_crystal_altar,
          chequers_temple_overflow_minitemple, uniq_pikel
D:8:      layout_basic, mainiacjoe_overflow_boulevard,
          mainiacjoe_overflow_tiny_flanked, kennysheep_dice
D:9:      layout_long_grid, mainiacjoe_overflow_catwalk, erik_orc_1, uniq_grum
D:10:     layout_long_grid, eat_drink_and_be_merry_uskayaw,
          nicolae_qazlal_eye_of_the_storm, elyvilon_altar_3, grunt_ministairs_7,
          dreamdust_mushroom_princess, columned_hall_lemuel, uniq_josephine
D:11:     layout_roguey, lair_entry_dummy, portal_ice_cave_demonic_guard
D:12:     layout_grid_maze
D:13:     layout_basic, hangedman_vaults_entry_quadrant_bands,
          gammafunk_ghost_spectres, zin_statuary
D:14:     layout_roguey, nicolae_gozag_cash_rules_everything_around_me,
          uniq_frances, uniq_snorg
Temple:   hellmonk_temple_forest_ring
Lair:1:   layout_chaotic_city
Lair:2:   layout_long_grid, swamp_mist_pool, minivault_25,
          hangedman_tree_tricks, lemuel_fruit_tree, lemuel_fruit_fields,
          uniq_sonja
Lair:3:   layout_regular_city, spider_nest_entry_a, grunt_megastairs_3
Lair:4:   layout_cave_pods, minmay_slime_entry_pillars,
          nicolae_quartered_pool_little, grunt_megastairs_5
Lair:5:   hangedman_lair_caniforms_friends, layout_regular_city,
          hangedman_lair_in_review, pdpol_lair_cavern_descent
Orc:1:    layout_caves
Orc:2:    grunt_orc_cross, layout_caves, lightli_church_of_beogh, uniq_rupert,
          uniq_nessos, uniq_urug

Skill      XL: |  1  2  3  4  5  6  7  8  9 10 11 12 13 14 |
---------------+-------------------------------------------+-----
Fighting       | 4 5 6 8 9 11 12 14 15 16 17 | 17.9
Axes           | 3 4 5 6 7 9 10 12 14 15 16 17 | 17.7
Armour         | 4 5 6 7 8 9 10 11 12 13 | 13.2
Invocations    | 2 4 5 6 8 9 |  9.0
Shields        | 5 8 9 10 | 10.9
Dodging        | 4 6 |  6.4

Action                     |  1- 3 |  4- 6 |  7- 9 | 10-12 | 13-15 || total
---------------------------+-------+-------+-------+-------+-------++-------
  Melee: War axe           |    81 |   124 |   200 |   703 |   224 ||  1332
         Headbutt          |    12 |    12 |    24 |   152 |   157 ||   357
         Broad axe         |       |       |       |       |   399 ||   399
 Invoke: Heroism           |       |       |       |     5 |     5 ||    10
         Finesse           |       |       |       |     1 |     1 ||     2
         Receive Weapon    |       |       |       |       |     1 ||     1
         Receive Armour    |       |       |       |       |     1 ||     1
  Evoke: Wand              |       |       |       |     2 |       ||     2
    Use: Scroll            |       |       |    10 |     9 |     6 ||    25
         Potion            |       |       |     8 |       |     7 ||    15
   Stab: Confused          |       |       |       |     1 |       ||     1
         Petrified         |       |       |       |       |     5 ||     5
 Armour: Scale mail        |    55 |   135 |   213 |    29 |       ||   432
         Plate armour      |       |       |       |   803 |   742 ||  1545
  Dodge: Dodged            |    42 |    52 |   109 |   219 |   256 ||   678
  Block: Buckler           |    15 |    34 |    44 |    90 |       ||   183
         Kite shield       |       |       |       |   230 |   492 ||   722

Table legend: (Time is in decaauts)
 A = Elapsed time spent in this place.
 B = Non-inter-level travel time spent in this place.
 C = Inter-level travel time spent in this place.
 D = Time resting spent in this place.
 E = Time spent auto-exploring this place.
 F = Levels seen in this place.
 G = Mean time per level.
                   A        B        C        D        E       F      G
               +--------+--------+--------+--------+--------+-----+--------+
         Total |  18733 |  17562 |   1171 |   1501 |  12941 |  22 |  851.5 |
       Dungeon |  12077 |  11145 |    932 |    977 |   8388 |  14 |  862.6 |
        Temple |     25 |      8 |     17 |      0 |      0 |   1 |   25.0 |
          Lair |   5492 |   5282 |    210 |    371 |   3830 |   5 | 1098.4 |
  Orcish Mines |   1137 |   1126 |     11 |    153 |    723 |   2 |  568.5 |
               +--------+--------+--------+--------+--------+-----+--------+

Top non-repeatable levels by time:
  Lair:5: 1664 daAuts
     D:6: 1508 daAuts
     D:8: 1426 daAuts
     D:5: 1369 daAuts
     D:4: 1186 daAuts
  Lair:3: 1069 daAuts
     D:7: 1066 daAuts
    D:10: 1051 daAuts
  Lair:4: 962 daAuts
     D:3: 935 daAuts
     D:9: 915 daAuts
  Lair:1: 908 daAuts
  Lair:2: 887 daAuts
    D:11: 851 daAuts
   Orc:2: 831 daAuts
